 Dungeon Crawl Stone Soup version 0.19-a0-1379-gd925bfa (webtiles) character file.

95 Promi the Sneak (level 4, 0/22 HPs)
             Began as a Spriggan Earth Elementalist on Sept 3, 2016.
             Killed from afar by an orc wizard (12 damage)
             ... with a puff of flame
             ... on level 3 of the Dungeon.
             The game lasted 00:09:40 (2781 turns).

Promi the Sneak (Spriggan Earth Elementalist)       Turns: 2781, Time: 00:09:40

Health: 0/22       AC:  2    Str:  4    XL:     4   Next: 40%
Magic:  5/10       EV: 19    Int: 17    God:
Gold:   220        SH:  0    Dex: 16    Spells: 3 memorised, 3 levels left

rFire  . . .     SeeInvis +     g - +0 dagger
rCold  . . .     Gourm    .     c - +0 robe
rNeg   . . .     Faith    .     (shield restricted)
rPois  .         Spirit   .     (helmet restricted)
rElec  .         Dismiss  .     (no cloak)
rCorr  .         Reflect  .     (gloves unavailable)
MR     .....     Harm     .     (boots unavailable)
Stlth  +++.......               (no amulet)
                                (no ring)
                                (no ring)

@: very quick
A: unfitting armour, see invisible, herbivore 3, speed 3, slow metabolism 2
a: no special abilities


You were on level 3 of the Dungeon.
You were not hungry.

You visited 1 branch of the dungeon, and saw 3 of its levels.

You collected 220 gold pieces.

Inventory:

Hand Weapons
 g - a +0 dagger (weapon)
Missiles
 b - 79 stones (quivered)
Armour
 c - a +0 robe (worn)
 k - a +0 buckler
Wands
 l - a wand of lightning (15/15)
Scrolls
 j - a scroll of fear
 o - a scroll of amnesia
Potions
 f - 2 potions of heal wounds
 h - a potion of brilliance {unknown}
Books
 e - a book of Geomancy

   Spells                             Type                      Level
   a - Sandblast                      Earth                        1
   b - Passwall                       Transmutation/Earth          2
   c - Stone Arrow                    Conjuration/Earth            3
   d - Petrify                        Transmutation/Earth          4
   e - Lee's Rapid Deconstruction     Earth                        5
Comestibles
 a - 2 fruits
 d - 3 bread rations
 i - a slice of pizza


   Skills:
 + Level 1.2 Fighting
 + Level 0.9 Short Blades
 + Level 3.5 Dodging
 + Level 3.9 Stealth
 + Level 3.4 Spellcasting
 - Level 1.3 Transmutations
 + Level 3.4 Earth Magic


You had 3 spell levels left.
You knew the following spells:

 Your Spells              Type           Power        Failure   Level  Hunger
a - Sandblast             Erth           ##....       4%          1    None
b - Passwall              Tmut/Erth      ##........   12%         2    ##.....
c - Stone Arrow           Conj/Erth      #.....       24%         3    ###....


Dungeon Overview and Level Annotations

Branches:
Dungeon (3/15)

Altars:


Innate Abilities, Weirdness & Mutations

You are tiny and cannot use many weapons and most armour.
You have supernaturally acute eyesight. (SInv)
You are a herbivore.
You cover ground extremely quickly.
You need consume almost no food.


Message History

Confirm with . or Enter, or press ? or * to list all spells.
Aiming: Sandblast
Press: ? - help, Shift-Dir - straight line, f/p - orc wizard
Aim: an orc wizard, wielding a dagger and wearing a robe (heavily wounded)
The blast of sand hits the orc wizard.
The orc wizard is heavily wounded.
The orc shouts!
The orc misses you. The orc wizard hits you with a dagger.
Casting: Sandblast
Confirm with . or Enter, or press ? or * to list all spells.
Aiming: Sandblast
Press: ? - help, Shift-Dir - straight line, f/p - orc wizard
Aim: an orc wizard, wielding a dagger and wearing a robe (heavily wounded)
The blast of sand hits the orc wizard.
The orc wizard is heavily wounded.
The orc completely misses you. The orc wizard hits you with a dagger!
The orc wizard gestures at you while chanting.
The puff of flame hits you!
Ouch! That really hurt!
You die...

..............# #.....
....o......... ####.#..#
.............. ........#
#...)(......o#####.#..<#
###.........o.........######
...###..####o#.............#
##......####...####....###...
#####.....##..###..##..#########
...##.......@#...............
...####....###.....#...........
.g### ####.#......##..†........
. ####.....###...............
###.....#.###..#.............
#...#####....................
#...## #.#..#)..............
#....####....).............>.
###..>..##....#..#.............


You could see an orc wizard.

Vanquished Creatures
  An orc wizard (D:3)
  An adder (D:3)
  A dart slug (D:1)
  An orc (D:3)
  A giant cockroach (D:1)
  8 goblins
  9 hobgoblins
  7 jackals
  A quokka (D:2)
  2 ball pythons
  3 bats
  5 giant newts
  3 kobolds
  16 rats
59 creatures vanquished.

Notes
Turn   | Place    | Note
-------+----------+-------------------------------------------
     0 | D:1      | Promi the Spriggan Earth Elementalist began the quest for the Orb.
     0 | D:1      | Reached XP level 1. HP: 9/9 MP: 5/5
   471 | D:1      | Reached XP level 2. HP: 13/13 MP: 3/6
   495 | D:1      | Learned a level 2 spell: Passwall
  1301 | D:2      | Reached XP level 3. HP: 17/17 MP: 6/8
  1306 | D:2      | Learned a level 3 spell: Stone Arrow
  1785 | D:2      | Reached skill level 1 in Fighting
  2524 | D:3      | Reached XP level 4. HP: 19/22 MP: 3/10
  2781 | D:3      | Killed from afar by an orc wizard

Vault maps used:
D:1:      minmay_arrival_stair_chambers, st_stairs_11
D:2:      kennysheep_generic_room_14

Skill      XL: |  1  2  3 |
---------------+----------+-----
Earth Magic    | 3 |  3.4
Spellcasting   | 3 |  3.4
Fighting       | 1 |  1.2
Short Blades   | |  0.9
Dodging        | |  3.5
Stealth        | |  3.9
Transmutations | |  1.3

Action                   |  1- 3 |  4- 6 || total
-------------------------+-------+-------++-------
Melee: Unarmed           |    26 |       ||    26
       Dagger            |    21 |    15 ||    36
 Cast: Sandblast         |    93 |    18 ||   111
  Use: Potion            |     2 |     1 ||     3
       Scroll            |     2 |     2 ||     4
 Stab: Sleeping          |     5 |     2 ||     7
Armor: Robe              |     9 |       ||     9
Dodge: Dodged            |    74 |    18 ||    92
